 Dungeon Crawl Stone Soup version 0.29.1-15-g9cfb28693d (webtiles) character file.

Game seed: 15966007497606775807

37 protoss039 the Digger (level 3, 26/26 HPs)
             Began as a Demonspawn Earth Elementalist on Mar 17, 2023.
             Got out of the dungeon alive.
             The game lasted 00:01:16 (1705 turns).

protoss039 the Digger (DsEE)                        Turns: 1705, Time: 00:01:16

Health: 26/26      AC:  2    Str:  8    XL:     3   Next: 23%
Magic:  6/6        EV: 12    Int: 18    God:
Gold:   7          SH:  0    Dex: 13    Spells: 6/7 levels left

rFire   . . .      SeeInvis .   c - +0 dagger
rCold   . . .      Faith    .   (no shield)
rNeg    . . .      Spirit   .   a - +0 robe
rPois   .          Reflect  .   (no helmet)
rElec   .          Harm     .   (no cloak)
rCorr   .          Rampage  .   (no gloves)
Will    .....                   (no boots)
Stlth   ++........              (no amulet)
HPRegen 0.08/turn               (no ring)
MPRegen 0.10/turn               (no ring)

@: no status effects
A: sturdy frame 1, weakness stinger 1
a: no special abilities


You escaped.
You visited 1 branch of the dungeon, and saw 1 of its levels.

You collected 7 gold pieces.

Inventory:

Hand Weapons
 c - a +0 dagger (weapon)
Armour
 a - a +0 robe (worn)
 f - a +0 pair of gloves
Jewellery
 g - a ring of resist corrosion
Scrolls
 b - a scroll of identify {unknown}
 e - 2 scrolls of immolation {unknown}
Potions
 d - 2 potions of resistance {unknown}


   Skills:
 + Level 1.5 Fighting
 - Level 1.7 Dodging
 - Level 1.7 Stealth
 + Level 2.5 Spellcasting
 - Level 0.8 Transmutations
 + Level 3.1 Earth Magic


You had 6 spell levels left.
You knew the following spells:

 Your Spells              Type           Power      Damage    Failure   Level
a - Sandblast             Erth           26%        2d8       4%          1

Your spell library contained the following spells:

 Spells                   Type           Power      Damage    Failure   Level
 Passwall                 Tmut/Erth      7%         N/A       12%         2
 Stone Arrow              Conj/Erth      16%        3d8       26%         3
 Gell's Gravitas          Tloc           2%         N/A       45%         3
 Lesser Beckoning         Tloc           2%         N/A       45%         3
 Teleport Other           Tloc           2%         N/A       45%         3
 Petrify                  Tmut/Erth      9%         N/A       58%         4


Dungeon Overview and Level Annotations

Branches:
Dungeon (1/15) Zot: 4278

Altars:


Innate Abilities, Weirdness & Mutations

Your movements are slightly less encumbered by armour. (ER -2)
You have a small tail.


Message History

The blast of sand hits the quokka.
The quokka is almost dead.
The goblin shouts!
Unknown command.
Casting: Sandblast (safe; 4% risk of failure)
Confirm with . or Enter, or press ? or * to list all spells.
Aiming: Sandblast (safe; 4% risk of failure)
Press: ? - help, Shift-Dir - straight line, f/p - quokka
Aim: a quokka (almost dead, 75% to hit)
The blast of sand hits the quokka.
You kill the quokka!
Unknown command.
Casting: Sandblast (safe; 4% risk of failure)
Confirm with . or Enter, or press ? or * to list all spells.
Aiming: Sandblast (safe; 4% risk of failure)
Press: ? - help, Shift-Dir - straight line, f - goblin
Aim: a goblin, wielding a +0 dagger (77% to hit)
The blast of sand hits the goblin!
You kill the goblin!
Unknown command.
Casting: Sandblast (safe; 4% risk of failure)
Confirm with . or Enter, or press ? or * to list all spells.
Aiming: Sandblast (safe; 4% risk of failure)
Press: ? - help, Shift-Dir - straight line, f - you That would be overly suicidal.
Okay, then.
You see here a +0 dagger.
g - a ring of resist corrosion
e - 2 scrolls labelled MIARGH MEAPTEN (gained 1)
Okay, then.
Okay, then.
Okay, then.
You see here a +0 leather armour.
You see here a +0 club.
There is an open gate here.
There is an open door here.
There is an open door here.
There is a staircase leading out of the dungeon here.
Are you sure you want to leave the Dungeon?
This will make you lose the game!
You have escaped!

##.# #.# #.≈≈≈°.≈≈.# ##.#####
##.# #.# #..≈.§§§..# #.......
##.####.# #...≈...# #.##.####
.......#### ####### #### #.#
##....##..## #≈.≈# ##..###.#
....###....## ##'## ##....##.#
##.####....####...####.§.§##.####
#....##...#.#.....#8#§§..'......
#.##.#...##.+..@..'.§§...'.#####
#....#....#.#..>..#8#§§.#'.#
######....####...####.#§§### ####
.#..## ##+## ##..§.# ...# #..##
##..## ##†# ### #### #.# #># #.#
#.# #.# #.#


There were no monsters in sight!

Vanquished Creatures
  A dart slug (D:1)
  3 ball pythons (D:1)
  3 endoplasms (D:1)
  5 giant cockroaches (D:1)
  5 goblins (D:1)
  2 hobgoblins (D:1)
  4 jackals (D:1)
  A kobold (D:1)
  A quokka (D:1)
  A frilled lizard (D:1)
  2 rats (D:1)
28 creatures vanquished.

Notes
Turn   | Place    | Note
-------+----------+-------------------------------------------
     0 | D:1      | protoss039 the Demonspawn Earth Elementalist began the
                  | quest for the Orb.
     0 | D:1      | Reached XP level 1. HP: 13/13 MP: 3/3
   353 | D:1      | Gained mutation: You have a small tail. [demonic ancestry]
   353 | D:1      | Reached XP level 2. HP: 6/20 MP: 3/5
   587 | D:1      | Reached skill level 1 in Fighting
   665 | D:1      | HP: 1/21 [goblin/+0 club (2)]
   670 | D:1      | Reached skill level 3 in Earth Magic
  1325 | D:1      | Gained mutation: Your movements are slightly less
                  | encumbered by armour. (ER -2) [demonic ancestry]
  1325 | D:1      | Reached XP level 3. HP: 26/26 MP: 2/6
  1548 | D:1      | Found a faded altar of an unknown god.
  1705 | D:$      | Got out of the dungeon alive.

Illustrated notes

Levels and vault maps discovered:
D:1:      shiori_arrival_elements, layout_loops_ring,
          dreamdust_ecumenical_altar_grove, minmay_stone_trees_medium

Skill      XL: |  1  2 |
---------------+-------+-----
Fighting       | 1 |  1.5
Earth Magic    | 3 |  3.1
Dodging        | |  1.7
Stealth        | |  1.7
Spellcasting   | |  2.5
Transmutations | |  0.8

Action                   || total
-------------------------++-------
Melee: Dagger            ||    52
       Punch             ||     1
       Tailslap          ||     2
 Cast: Sandblast         ||    35
  Use: Potion            ||     1
 Stab: Sleeping          ||     4
Armor: Robe              ||    21
Dodge: Dodged            ||    63
